 Dungeon Crawl Stone Soup version 0.26.1-11-gd32895ea62 (webtiles) character file.

Game seed: 918070184569061807

77667 KamiKatze the Thaumaturge (level 15, -9/128 HPs)
             Began as a Purple Draconian Conjurer on June 2, 2021.
             Was a High Priest of Vehumet.
             Mangled by a catoblepas (12 damage)
             ... while petrified by a catoblepas
             ... on level 13 of the Dungeon on June 3, 2021.
             The game lasted 02:40:29 (27089 turns).

KamiKatze the Thaumaturge (DrCj)                   Turns: 27089, Time: 02:40:29

Health: -9/128     AC: 13    Str:  5    XL:     15   Next: 16%
Magic:  39/42      EV:  2    Int: 34    God:    Vehumet [*****.]
Gold:   1941       SH:  0    Dex: 16    Spells: 3/43 levels left

rFire    + + .     SeeInvis .   a - +7 flail of Cruel Justice {vorpal, rF+ Will+}
rCold    . . .     Faith    .   (no shield)
rNeg     + + +     Spirit   .   (armour unavailable)
rPois    ∞         Reflect  .   (helmet restricted)
rElec    +         Harm     .   o - +0 cloak
rCorr    .         Rampage  .   D - +0 pair of gloves
Will     +++..                  y - +1 pair of boots
Stlth    ++++......             (no amulet)
HPRegen  0.31/turn              P - ring "Vinitz" {rElec rF+ MP+9 Str-5 Int+6}
MPRegen  0.28/turn              Y - ring of Hyseosewk {Int+4 Dex+6}

@: petrified, barbed spikes, studying Fighting
A: breathe power, unfitting armour, cold-blooded, AC +9
a: Breathe Dispelling Energy, Renounce Religion


You were on level 13 of the Dungeon.
You worshipped Vehumet.
Vehumet was extremely pleased with you.
You visited 4 branches of the dungeon, and saw 22 of its levels.
You also visited: Sewer.

You collected 1941 gold pieces.

Inventory:

Hand Weapons
 a - the +7 flail of Cruel Justice (weapon) {vorpal, rF+ Will+}
   (You found it on level 9 of the Dungeon)

   It inflicts extra damage upon your enemies.
   It protects you from fire.
   It affects your willpower, your defense against some magical effects.
 b - a +0 vampiric spear
Missiles
 s - 54 poisoned darts (quivered)
 B - 13 curare-tipped darts
 V - 3 throwing nets
Armour
 o - a +0 cloak (worn)
 y - a +1 pair of boots (worn)
 D - a +0 pair of gloves (worn)
Magical Staves
 F - an uncursed staff of cold
Jewellery
 e - an uncursed ring of protection from cold
 i - an uncursed ring of resist corrosion
 q - an uncursed ring of magical power
 K - an uncursed ring of ice
 O - an uncursed ring of fire
 P - the ring "Vinitz" (left hand) {rElec rF+ MP+9 Str-5 Int+6}
   (You found it on level 9 of the Dungeon)

   [ring of magical power]

   It affects your strength (-5).
   It affects your intelligence (+6).
   It protects you from fire.
   It insulates you from electricity.
   It affects your magic capacity (+9).
 Y - the ring of Hyseosewk (right hand) {Int+4 Dex+6}
   (You found it on level 5 of the Lair of Beasts)

   [ring of dexterity]

   It affects your intelligence (+4).
   It affects your dexterity (+6).
Wands
 g - a wand of acid (7)
 A - a wand of enslavement (17)
 H - a wand of paralysis (25)
 T - a wand of iceblast (23)
 W - a wand of disintegration (13)
Scrolls
 c - a scroll of enchant weapon
 f - 7 scrolls of identify
 h - a scroll of summoning
 l - 2 scrolls of amnesia
 n - 5 scrolls of fog
 r - 9 scrolls of remove curse
 v - 6 scrolls of fear
 I - 11 scrolls of teleportation
 N - 2 scrolls of magic mapping
 Z - 2 scrolls of enchant armour
Potions
 d - 5 potions of attraction
 j - 3 potions of flight
 k - 7 potions of heal wounds
 m - 4 potions of brilliance
 p - 4 potions of might
 t - 4 potions of lignification
 u - 15 potions of curing
 x - 4 potions of berserk rage
 z - a potion of ambrosia
 C - 3 potions of invisibility
 G - 3 potions of haste
 M - 3 potions of cancellation
Books
 S - a manual of Fighting
Miscellaneous
 E - a box of beasts
 Q - a lightning rod (4/4)
 R - a phial of floods


   Skills:
 + Level 10.8 Fighting
 - Level 6.0 Dodging
 + Level 7.8 Stealth
 * Level 14.6 Spellcasting
 * Level 13.7 Conjurations
 - Level 9.0 Hexes
 - Level 9.0 Translocations
 - Level 6.8 Fire Magic
 * Level 4.0 Air Magic
 * Level 5.0 Earth Magic
 - Level 3.0 Poison Magic


You had 3 spell levels left.
You knew the following spells:

 Your Spells              Type           Power        Failure   Level
a - Magic Dart            Conj           100%         0%          1
b - Searing Ray           Conj           100%         0%          2
c - Fulminant Prism       Conj/Hex       40%          1%          4
d - Iskenderun's Mystic   Conj/Tloc      80%          1%          4
e - Fireball              Conj/Fire      38%          1%          5
f - Conjure Ball Lightni  Conj/Air       35%          1%          6
g - Iron Shot             Conj/Erth      36%          1%          6
h - Orb of Destruction    Conj           43%          1%          7
i - Lee's Rapid Deconstr  Erth           28%          1%          5

Your spell library contained the following spells:

 Spells                   Type           Power        Failure   Level
 Animate Skeleton         Necr           48%          1%          1
 Apportation              Tloc           100%         1%          1
 Corona                   Hex            80%          1%          1
 Pain                     Necr           96%          1%          1
 Shock                    Conj/Air       100%         1%          1
 Summon Small Mammal      Summ           96%          1%          1
 Corpse Rot               Necr/Air       N/A          1%          2
 Ensorcelled Hibernation  Hex/Ice        100%         1%          2
 Swiftness                Air            51%          1%          2
 Confusing Touch          Hex            72%          1%          3
 Dazzling Flash           Conj/Hex       100%         1%          3
 Gell's Gravitas          Tloc           36%          1%          3
 Ignite Poison            Fire/Tmut/Pois 47%          1%          3
 Mephitic Cloud           Conj/Pois/Air  64%          1%          3
 Static Discharge         Conj/Air       71%          1%          3
 Tukima's Dance           Hex            72%          1%          3
 Sublimation of Blood     Necr           12%          2%          2
 Vampiric Draining        Necr           12%          4%          3
 Airstrike                Air            25%          1%          4
 Bolt of Magma            Conj/Fire/Erth 35%          1%          5
 Irradiate                Conj/Tmut      32%          1%          5
 Iskenderun's Battlesphe  Conj           87%          1%          5
 Lightning Bolt           Conj/Air       35%          1%          5
 Yara's Violent Unravell  Hex/Tmut       26%          2%          5
 Petrify                  Tmut/Erth      41%          6%          4
 Metabolic Englaciation   Hex/Ice        26%          8%          5
 Animate Dead             Necr           12%          17%         4
 Dispel Undead            Necr           24%          17%         4
 Spellforged Servitor     Conj/Summ      32%          21%         7
 Alistair's Intoxication  Tmut/Pois      23%          26%         5
 Eringya's Noxious Bog    Tmut/Pois      17%          32%         6
 Agony                    Necr           24%          43%         5
 Excruciating Wounds      Necr           12%          43%         5
 Ignition                 Fire           31%          82%         8
 Shatter                  Erth           28%          100%        9
 Tornado                  Air            25%          100%        9


Dungeon Overview and Level Annotations

Branches:
Dungeon (13/15)            Temple (1/1) D:6            Lair (6/6) D:11
 Shoals (0/4) Lair:4        Snake (0/4) Lair:4        Slime (0/5) Lair:6
    Orc (2/2) D:12            Elf (0/3) Orc:2         Sewer (visited)
 Vaults: D:13-14

Altars:
Ashenzari
Cheibriados
Dithmenos
Elyvilon
Fedhas
Gozag
Hepliaklqana
Kikubaaqudgha
Makhleb
Nemelex Xobeh
Okawaru
Qazlal
Ru
Sif Muna
Trog
Uskayaw
Vehumet
Wu Jian
Xom
Yredelemnul
Zin
The Shining One
Jiyva
Lugonu

Shops:
D:5 (([   D:8 [   D:9 =   D:10 }   Orc:2 ((*

Annotations:
D:6 1 runed translucent door, exclusion: door, ciphuk's ghost, novice VSBr
D:9 loot (apport / fly)
D:10 2 runed translucent doors, exclusion: 2 doors
D:11 2 transporters, knorpule3000's ghost, journeyman HuWn
Lair:6 exclusion: 2 doors


Innate Abilities, Weirdness & Mutations

You can breathe bolts of dispelling energy.
Your rich purple scales are hard. (AC +9)
You cannot fit into any form of body armour.
You are cold-blooded and may be slowed by cold attacks.


Message History

* * * LOW HITPOINT WARNING * * *
The catoblepas gores you!
* * * LOW HITPOINT WARNING * * *
The catoblepas gores you.
* * * LOW HITPOINT WARNING * * *
The catoblepas gores you!
* * * LOW HITPOINT WARNING * * *
The catoblepas gores you!!
* * * LOW HITPOINT WARNING * * *
The catoblepas gores you but does no damage.
The catoblepas gores you!!
* * * LOW HITPOINT WARNING * * *
The manticore is engulfed in calcifying dust.
The catoblepas gores you!!
* * * LOW HITPOINT WARNING * * *
The catoblepas barely misses you. The catoblepas gores you.
* * * LOW HITPOINT WARNING * * *
The catoblepas gores you!!
You die...

#### ####
#.?.# #...#
#.H≈≈#+#≈≈H.#
#.≈..≈.≈..≈.#
#≈.......≈#
#≈.≈≈≈.≈#
#..≈@≈..#
#≈.Y≈Y.≈#
#≈.......≈#
#.≈..≈.≈..≈.#
#.$≈≈#+#≈≈?.#
#...# #...#
#### ####


You could see 2 catoblepae and 2 manticores.

Vanquished Creatures
  Rupert (Lair:5)
  Gastronok (D:8)
  The ghost of lasso the Slinger, a journeyman GnCj of Vehumet (Orc:2)
  An orc warlord (Orc:1)
  A stone giant (Orc:2)
  Nessos (Lair:4)
  A dire elephant (Lair:6)
  A fire dragon (D:9)
  Fannar (Orc:1)
  Harold (D:8)
  Erolcha (Orc:1)
  6 hydras
  A boulder beetle (D:11)
  A catoblepas (Lair:5)
  2 two-headed ogres
  9 death yaks
  Urug (Lair:2)
  5 orc high priests (Orc:2)
  A wizard (Lair:6)
  2 unseen horrors
  Pikel (D:4)
  7 orc knights
  2 oklob plants (D:11)
  3 cyclopes
  2 deep elf magi (D:12)
  An ugly thing (D:12)
  A manticore (D:12)
  3 elephants (Lair:3)
  Maurice (D:9)
  7 black mambas
  A gargoyle (D:12)
  16 cane toads
  Maggie (D:8)
  5 rime drakes
  10 komodo dragons
  4 centaur skeletons
  3 polar bears
  6 trolls
  A hornet (D:12)
  18 blink frogs
  4 wyverns
  A shadow (D:12)
  2 basilisks (Lair:4)
  49 yaks
  Menkaure (D:4)
  2 nagas (Lair:4)
  3 wargs (Orc:1)
  14 water moccasins
  A hell hound (Lair:6)
  An ice beast (D:10)
  4 black bears
  28 orc warriors
  3 sky beasts
  14 ogres
  2 eyes of draining (D:4)
  16 wolves
  8 centaurs
  A lemure (D:4)
  5 big kobolds
  24 bullfrogs
  A wyvern skeleton (D:10)
  A water moccasin skeleton (D:10)
  3 scorpions
  11 killer bees
  9 wights
  A bullfrog zombie (D:11)
  3 hounds
  2 jellies
  3 centaur zombies
  A quasit (D:8)
  32 orc priests
  3 bullfrog skeletons
  2 iguanas
  12 worker ants
  19 orc wizards
  A worker ant zombie (D:7)
  14 adders
  7 river rats
  2 shadow imps
  2 white imps
  An ufetubus (D:6)
  5 worms
  2 dart slugs
  7 leopard geckos
  67 orcs
  5 ball pythons
  6 giant cockroaches
  6 goblins
  3 hobgoblins
  8 jackals
  40 kobolds
  6 quokkas
  15 bats
  9 frilled lizards
  A giant cockroach zombie (D:5)
  A leopard gecko skeleton (D:4)
  A quokka zombie (D:8)
  25 rats
652 creatures vanquished.

Vanquished Creatures (collateral kills)
  A ball lightning (Orc:2)
1 creature vanquished.

Vanquished Creatures (others)
  A water elemental (D:10)
  An air elemental (D:10)
  38 ball lightnings
  377 fulminant prisms
  62 fungi
  53 plants
532 creatures vanquished.

Grand Total: 1185 creatures vanquished

Notes
Turn   | Place    | Note
-------+----------+-------------------------------------------
     0 | D:1      | KamiKatze the Draconian Conjurer began the quest for the
                  | Orb.
     0 | D:1      | Reached XP level 1. HP: 14/14 MP: 3/3
    24 | D:1      | Noticed a hog
    24 | D:1      | Noticed a salamander
    24 | D:1      | Noticed a polar bear
    25 | D:1      | Noticed an iguana
   223 | D:1      | Reached XP level 2. HP: 15/20 MP: 1/5
   312 | D:1      | Learned a level 2 spell: Searing Ray
   593 | D:1      | Found a sparkling altar of Nemelex Xobeh.
  1214 | D:2      | Reached XP level 3. HP: 19/26 MP: 4/6
  1667 | D:2      | Reached skill level 3 in Spellcasting
  1942 | D:3      | Reached XP level 4. HP: 33/33 MP: 6/8
  1947 | D:3      | Learned a level 4 spell: Fulminant Prism
  2333 | D:3      | Found a sacrificial altar of Ru.
  2358 | D:3      | Found a glowing drain.
  2362 | Sewer    | Entered a sewer
  2371 | Sewer    | Noticed a big kobold
  2394 | Sewer    | Killed a big kobold
  2395 | Sewer    | Reached skill level 5 in Conjurations
  2395 | Sewer    | Reached skill level 1 in Hexes
  2395 | Sewer    | Reached XP level 5. HP: 22/38 MP: 2/10
  3327 | Sewer    | Reached XP level 6. HP: 45/45 MP: 5/11
  3343 | Sewer    | Reached skill level 4 in Spellcasting
  3353 | Sewer    | Learned a level 4 spell: Iskenderun's Mystic Blast
  3765 | D:3      | Found a basalt altar of Yredelemnul.
  3767 | D:3      | Noticed a profane servitor
  3780 | D:3      | Found a glowing golden altar of the Shining One.
  3782 | D:3      | Noticed an angel
  4328 | D:4      | Found an iron altar of Okawaru.
  4381 | D:4      | Reached skill level 1 in Translocations
  4469 | D:4      | Your scales start taking on a rich purple colour.
  4469 | D:4      | Reached skill level 5 in Spellcasting
  4469 | D:4      | Reached XP level 7. HP: 47/50 MP: 8/14
  4524 | D:4      | Found a snail-covered altar of Cheibriados.
  4529 | D:4      | Found a sparkling altar of Nemelex Xobeh.
  4855 | D:4      | Found a bloodstained altar of Trog.
  5080 | D:4      | Found a stormy altar of Qazlal.
  5304 | D:5      | Entered Level 5 of the Dungeon
  5304 | D:5      | Found Johix's Weapon Emporium.
  5304 | D:5      | Noticed Pikel
  5420 | D:5      | Found a shimmering blue altar of Sif Muna.
  5457 | D:5      | Noticed Menkaure
  6078 | D:4      | Killed Pikel
  6079 | D:4      | Reached skill level 6 in Spellcasting
  6079 | D:4      | Reached skill level 5 in Hexes
  6079 | D:4      | Reached XP level 8. HP: 37/57 MP: 3/17
  6390 | D:4      | Killed Menkaure
  6441 | D:5      | Found Ukyemuara's Armour Shop.
  6562 | D:5      | Found a radiant altar of Vehumet.
  6570 | D:5      | Became a worshipper of Vehumet
  6596 | D:5      | Found Lomoukha's Weapon Boutique.
  7214 | D:6      | Found a runed translucent door.
  7215 | D:6      | Noticed ciphuk's ghost (novice VSBr)
  7346 | D:6      | Reached skill level 7 in Spellcasting
  7374 | D:6      | Found a staircase to the Ecumenical Temple.
  7389 | Temple   | Entered the Ecumenical Temple
  8404 | D:7      | Reached * piety under Vehumet
  8404 | D:7      | Offered knowledge of Sandblast by Vehumet.
  8445 | D:7      | Reached XP level 9. HP: 62/62 MP: 5/20
  8449 | D:7      | Found an ornate altar of the Wu Jian Council.
  8995 | D:7      | Found a shimmering altar of Xom.
  9092 | D:8      | Noticed a two-headed ogre
  9098 | D:8      | Killed a two-headed ogre
  9099 | D:8      | Reached skill level 8 in Spellcasting
  9099 | D:8      | Reached skill level 5 in Translocations
  9139 | D:8      | Noticed Maggie
  9232 | D:8      | Found an opulent altar of Gozag.
  9237 | D:8      | Noticed Gastronok
  9746 | D:8      | Killed Maggie
  9920 | D:8      | Found a shadowy altar of Dithmenos.
 10427 | D:8      | Reached XP level 10. HP: 66/69 MP: 8/22
 10555 | D:8      | Found a glowing silver altar of Zin.
 10586 | D:8      | Found Ovad's Armour Shop.
 10702 | D:8      | Noticed Harold
 10728 | D:9      | Offered knowledge of Freeze by Vehumet.
 10764 | D:9      | Reached ** piety under Vehumet
 11114 | D:9      | Reached skill level 9 in Spellcasting
 11143 | D:9      | Noticed Maurice
 11165 | D:9      | Killed Maurice
 11202 | D:9      | Found Rilut's Jewellery Shop.
 11229 | D:9      | Found a glowing golden altar of the Shining One.
 11307 | D:9      | Found a stormy altar of Qazlal.
 11767 | D:9      | Noticed a fire dragon
 11785 | D:9      | Killed a fire dragon
 12128 | D:9      | Got a warped flail
 12130 | D:9      | Got a coiled bone ring
 12157 | D:9      | Identified the ring "Vinitz" {rElec rF+ MP+9 Str-5 Int+6}
                  | (You found it on level 9 of the Dungeon)
 12236 | D:10     | Entered Level 10 of the Dungeon
 12272 | D:10     | Reached skill level 10 in Spellcasting
 12272 | D:10     | Reached XP level 11. HP: 74/74 MP: 19/25
 12372 | D:10     | Found Omeudapp's Gadget Shoppe.
 12373 | D:10     | Offered knowledge of Mephitic Cloud by Vehumet.
 12498 | D:10     | Reached skill level 1 in Fighting
 12499 | D:10     | Reached skill level 10 in Conjurations
 12565 | D:10     | Reached *** piety under Vehumet
 12963 | D:10     | Found a large runed translucent door.
 12963 | D:10     | Found a large runed translucent door.
 13003 | D:10     | Killed an unseen horror
 13281 | D:8      | Killed Harold
 13323 | D:8      | Learned a level 3 spell: Mephitic Cloud
 13394 | D:8      | Killed Gastronok
 13395 | D:8      | Reached skill level 1 in Air Magic
 13395 | D:8      | Reached skill level 1 in Poison Magic
 13416 | D:8      | Identified the +7 flail of Cruel Justice {vorpal, rF+
                  | Will+} (You found it on level 9 of the Dungeon)
 13445 | D:8      | Found a hazy altar of Hepliaklqana.
 13546 | D:11     | Found a transporter.
 13559 | D:11     | Noticed a two-headed ogre
 13772 | D:11     | Noticed an oklob plant
 13778 | D:11     | Found a staircase to the Lair.
 13778 | D:11     | Noticed an oklob plant
 13790 | D:11     | Killed an oklob plant
 13896 | D:11     | Offered knowledge of Stone Arrow by Vehumet.
 14355 | D:11     | Killed an oklob plant
 14356 | D:11     | Reached skill level 11 in Spellcasting
 14356 | D:11     | Reached XP level 12. HP: 77/91 MP: 27/27
 14382 | D:11     | Noticed a boulder beetle
 14401 | D:11     | Killed a boulder beetle
 14454 | D:11     | Killed a two-headed ogre
 14486 | D:11     | Noticed knorpule3000's ghost (journeyman HuWn)
 14494 | D:11     | Found a transporter.
 15149 | D:12     | Reached skill level 5 in Fighting
 15153 | D:12     | Reached **** piety under Vehumet
 15310 | D:12     | Found a staircase to the Orcish Mines.
 15378 | D:12     | Offered knowledge of Fireball by Vehumet.
 15564 | D:12     | Found a large runed translucent door.
 15565 | D:12     | Found a large runed translucent door.
 15572 | D:12     | Found a large runed translucent door.
 15572 | D:12     | Found a large runed translucent door.
 15707 | D:12     | Noticed a six-headed hydra
 15712 | D:12     | Killed a six-headed hydra
 15804 | D:12     | Learned a level 5 spell: Fireball
 15871 | D:12     | Reached skill level 1 in Fire Magic
 15945 | D:12     | Noticed an eight-headed hydra
 15968 | D:12     | Killed an eight-headed hydra
 16058 | D:12     | Reached skill level 12 in Spellcasting
 16325 | D:12     | Got a jewelled war axe
 16326 | D:12     | Identified the cursed +1 war axe of the Unliving
                  | {antimagic, SInv} (You found it on level 12 of the Dungeon)
 16550 | D:12     | Learned a level 7 spell: Orb of Destruction
 16746 | D:12     | Reached skill level 5 in Stealth
 16815 | Lair:1   | Entered Level 1 of the Lair of Beasts
 16932 | Lair:1   | Noticed a death yak
 16934 | Lair:1   | Noticed a death yak
 16935 | Lair:1   | Noticed a death yak
 16936 | Lair:1   | Noticed a death yak
 16938 | Lair:1   | Reached ***** piety under Vehumet
 16938 | Lair:1   | Offered knowledge of Starburst by Vehumet.
 16944 | Lair:1   | Killed a death yak
 16945 | Lair:1   | Reached XP level 13. HP: 105/105 MP: 18/29
 17875 | Lair:2   | Reached skill level 5 in Dodging
 18239 | Lair:2   | Noticed Urug
 18265 | Lair:2   | Killed Urug
 19267 | Lair:3   | Reached skill level 13 in Spellcasting
 19869 | Lair:4   | Found a staircase to the Shoals.
 19869 | Lair:4   | Noticed Nessos
 19880 | Lair:4   | Killed Nessos
 20031 | Lair:4   | Reached skill level 5 in Fire Magic
 20078 | Lair:4   | Found a staircase to the Snake Pit.
 20897 | Lair:5   | Noticed Rupert
 20902 | Lair:5   | Killed Rupert
 20903 | Lair:5   | Reached XP level 14. HP: 118/118 MP: 30/31
 20910 | Lair:5   | Learned a level 6 spell: Iron Shot
 21590 | Lair:5   | Offered knowledge of Lee's Rapid Deconstruction by Vehumet.
 21745 | Lair:5   | Got a brightly glowing platinum ring
 21747 | Lair:5   | Identified the ring of Hyseosewk {Int+4 Dex+6} (You found
                  | it on level 5 of the Lair of Beasts)
 21903 | Lair:6   | Entered Level 6 of the Lair of Beasts
 21912 | Lair:6   | Reached skill level 1 in Earth Magic
 22375 | Lair:6   | Reached skill level 14 in Spellcasting
 22547 | Lair:5   | Learned a level 5 spell: Lee's Rapid Deconstruction
 22558 | Lair:6   | Reached skill level 10 in Fighting
 22850 | Lair:6   | Found a viscous altar of Jiyva.
 22851 | Lair:6   | Found a staircase to the Slime Pits.
 23539 | Lair:6   | Found a burning altar of Makhleb.
 23742 | Orc:1    | Entered Level 1 of the Orcish Mines
 23787 | Orc:1    | Noticed Erolcha
 23789 | Orc:1    | Killed Erolcha
 24063 | Orc:1    | Noticed an orc warlord
 24081 | Orc:1    | Killed an orc warlord
 24129 | Orc:1    | Noticed Fannar
 24218 | Orc:1    | Killed Fannar
 24730 | Orc:2    | Entered Level 2 of the Orcish Mines
 24733 | Orc:2    | Offered knowledge of Conjure Ball Lightning by Vehumet.
 24743 | Orc:2    | Noticed a stone giant
 24751 | Orc:2    | Killed a stone giant
 25122 | Orc:2    | Found a staircase to the Elven Halls.
 25164 | Orc:2    | Learned a level 6 spell: Conjure Ball Lightning
 25197 | Orc:2    | Found a runed translucent door.
 25199 | Orc:2    | Noticed lasso's ghost (journeyman GnCj)
 26045 | Orc:2    | Reached XP level 15. HP: 118/128 MP: 15/33
 26665 | Orc:2    | Found Cudemyah's Assorted Antiques.
 26665 | Orc:2    | Found Zoojovos's Antique Weapon Shoppe.
 26666 | Orc:2    | Found Qiamiude's Weapon Shoppe.
 26666 | Orc:2    | Found Etzy's Armour Emporium.
 26902 | Orc:2    | Killed lasso's ghost
 26903 | Orc:2    | Reached skill level 5 in Earth Magic
 27088 | D:13     | HP: 5/128 [catoblepas (14)]
 27089 | D:13     | Mangled by a catoblepas

Illustrated notes

Levels and vault maps discovered:
D:1:      onia_arrival_zoo_common, layout_basic, minmay_misc_feat_tiny,
          amcnicky_mini_rare_corridor_liquid, nemelex_xobeh_ov_fountains_minmay
D:2:      layout_basic, chequers_serial_rivers_large_a, minmay_heptomino_d4
D:3:      layout_basic, grunt_temple_overflow_holy_war, hangedman_ru_absence,
          gup_sewer_entry_bowl, wad_rectangle_vault
D:4:      layout_basic, okawaru_gym_becter, trog_eyes_of_draining,
          grunt_temple_overflow_open, serial_glass, glass_columns_b,
          glass_columns_a, glass_columns_b, glass_columns_b, glass_columns_c,
          grunt_qazlal_clouds
D:5:      layout_cave_pods, lemuel_doored_altar, old_standard_altar,
          serial_shops, shop, nicolae_shop_statue_plus, shop, uniq_menkaure,
          uniq_pikel
D:6:      layout_loops_corners, minmay_temple_entry_glassed_door,
          hellmonk_ghost_happy_afterlife
D:7:      layout_basic, nzn_wu_jian_contemplation,
          nicolae_overflow_hidden_temple
D:8:      layout_cave_pods, nzn_hepliaklqana_mist_gate, zin_treasury,
          grunt_gozag_statues, nicolae_dithmenos_the_darkroom, serial_shops,
          shop, uniq_grum, uniq_gastronok, uniq_maggie, uniq_harold
D:9:      dragon1_lemuel, layout_small_grid, nicolae_overflow_crystal_walls,
          serial_shops, kennysheep_little_box, tso_altar, uniq_maurice
D:10:     layout_loops_ring, serial_shops, shop, corexii_checkpoint_a,
          lightli_elemental_guards
D:11:     layout_gridville, dpeg_oklobed_lair, gammafunk_ghost_berserking_beasts
D:12:     layout_loops_ring, orc_0_dummy, minmay_hollow_rounded_squares
D:13:     nzn_motion_control, layout_basic, gauntlet_entry_generic, uniq_frances
Temple:   corrupted_temple
Lair:1:   layout_chaotic_city, beast_lair_carwin_11,
          infiniplex_staircase_pool_2, grunt_megastairs_3
Lair:2:   layout_roguey, uniq_urug
Lair:3:   layout_chaotic_city, grunt_megastairs_4
Lair:4:   layout_regular_city, elwin_shoals_entry_rocks,
          guppyfry_snake_entry_garden, uniq_nessos
Lair:5:   layout_gridlike, lemuel_fruit_tree, grunt_megastairs_1, uniq_rupert
Lair:6:   evil_forest, layout_misc_corridors, slime_altar_1,
          serial_bayou_shore_b
Orc:1:    layout_caves, uniq_erolcha, uniq_fannar
Orc:2:    st_orc_pillars, layout_diamond_mine, gammafunk_ghost_grave,
          mines_bat_river

Skill      XL: |  1  2  3  4  5  6  7  8  9 10 11 12 13 14 15 |
---------------+----------------------------------------------+-----
Dodging        | 2 3 4 5 6 |  6.0
Stealth        | 2 3 5 6 7 |  7.8
Spellcasting   | 3 5 6 7 8 10 11 12 13 14 | 14.6
Conjurations   | 5 6 7 8 9 10 11 12 13 | 13.7
Hexes          | 1 2 3 5 6 7 9 |  9.0
Translocations | 1 3 4 6 7 8 9 |  9.0
Fighting       | 4 7 9 10 | 10.8
Air Magic      | 3 4 |  4.0
Poison Magic   | 2 3 |  3.0
Fire Magic     | 3 5 6 |  6.8
Earth Magic    | 4 5 |  5.0

Action                   |  1- 3 |  4- 6 |  7- 9 | 10-12 | 13-15 || total
-------------------------+-------+-------+-------+-------+-------++-------
Melee: Unarmed           |    15 |       |       |       |       ||    15
       Tailslap          |     8 |     4 |    16 |     2 |       ||    30
       Dagger            |    28 |       |       |       |       ||    28
       Spear             |    48 |       |    76 |       |       ||   124
       Whip              |       |    57 |    44 |    20 |       ||   121
       Flail             |       |       |       |       |     1 ||     1
Throw: Dart              |       |       |     2 |     5 |       ||     7
 Cast: Magic Dart        |    47 |    56 |    58 |    24 |    13 ||   198
       Searing Ray       |     3 |    30 |    36 |    45 |    49 ||   163
       Fulminant Prism   |       |       |    31 |   145 |   201 ||   377
       Iskenderun's Myst |       |       |     5 |    26 |    56 ||    87
       Mephitic Cloud    |       |       |       |     2 |     2 ||     4
       Orb of Destructio |       |       |       |       |    30 ||    30
       Fireball          |       |       |       |       |    11 ||    11
       Iron Shot         |       |       |       |       |     8 ||     8
       Conjure Ball Ligh |       |       |       |       |    17 ||    17
       Lee's Rapid Decon |       |       |       |       |     5 ||     5
Evoke: Wand              |       |       |       |     1 |       ||     1
  Use: Potion            |       |     2 |     1 |     1 |       ||     4
       Scroll            |       |     9 |     8 |    14 |     2 ||    33
 Stab: Sleeping          |     1 |     2 |       |       |       ||     3
Armor: Skin              |    20 |    34 |    44 |    37 |    22 ||   157
Dodge: Dodged            |    58 |    83 |    91 |    61 |    71 ||   364
